 Dungeon Crawl Stone Soup version 0.18.1-1-g2f07953 (webtiles) character file.

23543 GrinningWolves the Blocker (level 12, -4/110 HPs)
             Began as a Minotaur Fighter on May 21, 2016.
             Was the Champion of Okawaru.
             Slain by Snorg (16 damage)
             ... on level 4 of the Lair of Beasts.
             The game lasted 01:06:24 (16305 turns).

GrinningWolves the Blocker (Minotaur Fighter)      Turns: 16305, Time: 01:06:25

Health: -4/110     AC: 14    Str: 25    XL:     12   Next: 72%
Magic:  2/2        EV: 14    Int:  5    God:    Okawaru [******]
Gold:   918        SH: 13    Dex:  9    Spells: 1 memorised, 10 levels left

rFire  . . .     SeeInvis .     A - +5 broad axe (chop)
rCold  + . .     Gourm    .     z - +4 ring mail {rC+}
rNeg   + . .     Faith    .     c - +0 shield
rPois  .         Spirit   .     (helmet restricted)
rElec  .         Dismiss  .     r - +0 cloak
rCorr  .         Reflect  .     m - +1 pair of gloves
SustAt .         Harm     .     (no boots)
MR     ++++.                    D - amulet of Nuisinui {Inacc +Inv MR+++ MP-9 Dex-2}
Stlth  +.........               E - ring of protection from magic
                                p - ring of positive energy

@: about to teleport, incredibly resistant to hostile enchantments, very
unstealthy
A: retaliatory headbutt, horns 2
a: Heroism, Finesse, Renounce Religion, Evoke Invisibility


You were on level 4 of the Lair of Beasts.
You worshipped Okawaru.
Okawaru was exalted by your worship.
You were not hungry.

You visited 2 branches of the dungeon, and saw 15 of its levels.

You collected 1046 gold pieces.
You spent 128 gold pieces at shops.

Inventory:

Hand Weapons
 a - a +1 war axe
 j - a +1 hand crossbow of flaming
 A - a +5 broad axe of chopping (weapon)
 G - a +0 great sword of draining
Missiles
 s - 13 tomahawks (quivered)
 C - 8 tomahawks of returning
 J - 5 poisoned javelins
Armour
 c - a +0 shield (worn)
 e - a +2 scale mail of magic resistance
 m - a +1 pair of gloves (worn)
 r - a +0 cloak (worn)
 z - a +4 ring mail of cold resistance (worn)
Jewellery
 p - a ring of positive energy (left hand)
 D - the amulet of Nuisinui (around neck) {Inacc +Inv MR+++ MP-9 Dex-2}
   (You found it on level 2 of the Lair of Beasts)

   [amulet of inaccuracy]

   It reduces the accuracy of all your attacks.
   It affects your dexterity (-2).
   It affects your resistance to hostile enchantments.
   It affects your magic capacity (-9).
   It lets you turn invisible.
 E - a ring of protection from magic (right hand)
Wands
 f - a wand of iceblast (9/15)
 F - a wand of lightning (5/15)
 K - a wand of paralysis (18/24)
 M - a wand of teleportation (4/9)
Scrolls
 b - a scroll of amnesia
 h - a scroll of recharging
 n - 2 scrolls of teleportation
 q - 4 scrolls of remove curse
 w - 3 scrolls of fear
 y - 2 scrolls of identify
Potions
 d - 2 potions of might
 i - a potion of magic
 k - 3 potions of mutation
 t - 2 potions of resistance
 u - 5 potions of curing
 x - 2 potions of flight
 I - 2 potions of agility
 N - a potion of berserk rage
Books
 L - a book of Cantrips

   Spells                             Type                      Level
   a - Corona                         Hexes                        1
   b - Animate Skeleton               Necromancy                   1
   c - Summon Small Mammal            Summoning                    1
   d - Apportation                    Translocation                1
 O - a book of Geomancy

   Spells                             Type                      Level
   a - Sandblast                      Earth                        1
   b - Passwall                       Transmutation/Earth          2
   c - Stone Arrow                    Conjuration/Earth            3
   d - Petrify                        Transmutation/Earth          4
   e - Lee's Rapid Deconstruction     Earth                        5
 Q - an Akashic Record

   Spells                             Type                      Level
   a - Dispersal                      Translocation                6
   b - Malign Gateway                 Summoning/Translocation      7
   c - Disjunction                    Translocation                8
   d - Controlled Blink               Translocation                8
Miscellaneous
 B - an ornate deck of wonders
 H - a plain deck of changes
Comestibles
 g - 4 meat rations
 l - 5 slices of pizza
 o - 4 bread rations
 v - 3 fruits


   Skills:
 + Level 11.5 Fighting
 + Level 12.6 Axes
 + Level 9.4 Armour
 + Level 10.7 Dodging
 + Level 3.1 Stealth
 + Level 12.8 Shields


You had 10 spell levels left.
You knew the following spells:

 Your Spells              Type           Power        Failure   Level  Hunger
a - Corona                Hex            #......      88%         1    ##.....


Dungeon Overview and Level Annotations

Branches:
Dungeon (11/15)            Temple (0/1) D:7            Lair (4/8) D:11
    Orc (0/2) D:9
  Swamp: Lair:3-6    Shoals: Lair:3-6     Snake: Lair:3-6    Spider: Lair:3-6

Altars:
Makhleb
Okawaru
Pakellas
The Shining One

Shops:
D:7 (

Annotations:
Lair:4 Snorg


Innate Abilities, Weirdness & Mutations

You reflexively headbutt those who attack you in melee.
You have a pair of horns on your head.


Message History

Snorg is severely wounded.
Snorg bites you! Snorg claws you! You block Snorg's attack.
You slash Snorg! Your headbutt misses Snorg.
Snorg is severely wounded.
Snorg bites you!
* * * LOW HITPOINT WARNING * * *
You block Snorg's attack. Snorg claws you!
* * * LOW HITPOINT WARNING * * *
Snorg bites you but does no damage. Snorg claws you.
* * * LOW HITPOINT WARNING * * *
Snorg claws you but does no damage.
Eat which item? (? for menu, Esc to quit)
Okay, then.
Read which item? (? for menu, Esc to quit)
As you read the scroll of teleportation, it crumbles to dust.
You feel strangely unstable. Snorg bites you.
* * * LOW HITPOINT WARNING * * *
You block Snorg's attack. Snorg barely misses you. You block Snorg's attack.
Snorg claws you!
You die...

## ###P###### ..
.........# .....
.........# P....
.........##.....
.........#.#....
.......$........
.......T.........
.......@........#
........%#.......
...?......##....#
..(.......##...$#
.................#
...#............P#
#[###............#
###.#...##.#.....#
##.....##.#...#


You could see Snorg (berserk).

Vanquished Creatures
  Erolcha (D:8)
  Harold (Lair:2)
  Erica (D:8)
  A hydra (Lair:2)
  The ghost of FishServ the Carver, a novice HOAE of Fedhas (Lair:1)
  Urug (Lair:3)
  An unseen horror (D:10)
  An ugly thing (D:11)
  A cyclops (Lair:1)
  A griffon (Lair:2)
  The ghost of mezmerelda the Ducker, a novice TrBe of Trog (D:6)
  5 elephants (Lair:3)
  2 black mambas (Lair:2)
  2 spiny frogs (Lair:2)
  4 komodo dragons
  Sigmund (D:4)
  A wraith (D:5)
  25 yaks
  2 hogs (D:8)
  A human (D:8)
  4 hungry ghosts
  6 hippogriffs
  A steam dragon (Lair:2)
  A basilisk (Lair:2)
  7 porcupines
  5 water moccasins
  5 orc warriors
  An eye of draining (D:5)
  A phantom (D:9)
  4 sky beasts
  The ghost of GrinningWolves the Skirmisher, an amateur MiFi of Vehumet (D:4)
  2 ice beasts
  8 ogres
  3 centaurs
  6 crocodiles
  8 giant frogs
  4 scorpions
  4 killer bees (D:10)
  9 howler monkeys
  6 crimson imps
  3 centaur zombies
  A giant frog zombie (D:10)
  6 hounds
  4 jellies
  3 orc priests
  A centaur skeleton (D:4)
  A gnoll shaman (D:6)
  8 iguanas
  11 orc wizards
  10 worker ants
  14 sheep
  A hound skeleton (D:4)
  A worker ant zombie (D:8)
  14 gnolls
  2 howler monkey skeletons (D:5)
  10 adders
  20 river rats
  4 shadow imps
  5 adder skeletons
  2 adder zombies
  A worm (D:2)
  5 dart slugs
  6 giant geckos
  49 orcs
  6 bats
  2 giant cockroaches
  4 goblins
  4 hobgoblins
  19 jackals
  5 quokkas
  A giant gecko zombie (D:6)
  2 giant newts
  10 kobolds
  A quokka skeleton (D:4)
  6 rats
  4 fungi
  4 plants
390 creatures vanquished.

Vanquished Creatures (others)
  A wolf spider (D:4)
  A fire vortex (Lair:1)
  2 fungi
  3 plants
7 creatures vanquished.

Grand Total: 397 creatures vanquished

Notes
Turn   | Place    | Note
--------------------------------------------------------------
     0 | D:1      | GrinningWolves the Minotaur Fighter began the quest for the Orb.
     0 | D:1      | Reached XP level 1. HP: 19/19 MP: 0/0
     4 | D:1      | Noticed a gargoyle
     4 | D:1      | Noticed an octopode
     6 | D:1      | Noticed a minotaur
     8 | D:1      | Noticed a troll
    10 | D:1      | Noticed a demonspawn
    12 | D:1      | Noticed a halfling
    12 | D:1      | Noticed a formicid
    14 | D:1      | Noticed a dwarf
    14 | D:1      | Noticed a vampire
    16 | D:1      | Noticed a spriggan
    16 | D:1      | Noticed a felid
    18 | D:1      | Noticed a naga
    18 | D:1      | Noticed a vine stalker
    20 | D:1      | Noticed a ghoul
    20 | D:1      | Noticed a tengu
    22 | D:1      | Noticed an ogre
    22 | D:1      | Noticed an elf
    24 | D:1      | Noticed a human
    24 | D:1      | Noticed a centaur
    26 | D:1      | Noticed a merfolk
    28 | D:1      | Noticed a draconian
    28 | D:1      | Noticed a demigod
   132 | D:1      | Reached XP level 2. HP: 13/27 MP: 1/1
   573 | D:2      | Reached XP level 3. HP: 27/33 MP: 2/2
   946 | D:2      | Reached skill level 1 in Dodging
  1030 | D:2      | Reached XP level 4. HP: 17/40 MP: 3/3
  1172 | D:2      | Found an iron altar of Okawaru.
  1475 | D:2      | Became a worshipper of Warmaster Okawaru
  1615 | D:2      | Found an iron altar of Okawaru.
  1618 | D:2      | Found a burning altar of Makhleb.
  1999 | D:3      | Found a glowing golden altar of the Shining One.
  2271 | D:3      | Reached XP level 5. HP: 46/46 MP: 4/4
  2581 | D:4      | Reached skill level 5 in Shields
  2692 | D:4      | Reached skill level 5 in Armour
  2744 | D:4      | Found an oddly glowing altar of Pakellas.
  2744 | D:4      | Noticed a wolf spider
  2755 | D:4      | Killed a wolf spider
  2790 | D:4      | Noticed Sigmund
  2819 | D:4      | Killed Sigmund
  2819 | D:4      | Reached skill level 1 in Stealth
  2819 | D:4      | Reached XP level 6. HP: 7/53 MP: 5/5
  3317 | D:4      | Reached * piety under Okawaru
  3317 | D:4      | Reached XP level 7. HP: 46/60 MP: 6/6
  3423 | D:4      | Reached skill level 5 in Fighting
  4028 | D:4      | Noticed GrinningWolves's ghost (amateur MiFi)
  4045 | D:4      | Killed GrinningWolves's ghost
  4299 | D:5      | Entered Level 5 of the Dungeon
  4304 | D:5      | Reached XP level 8. HP: 70/70 MP: 7/7
  4337 | D:5      | Reached ** piety under Okawaru
  4337 | D:5      | Reached skill level 5 in Dodging
  4349 | D:5      | Reached skill level 5 in Axes
  5577 | D:6      | Noticed a hill giant
  5839 | D:6      | Noticed mezmerelda's ghost (novice TrBe)
  5864 | D:6      | Killed mezmerelda's ghost
  5864 | D:6      | Reached *** piety under Okawaru
  5864 | D:6      | Reached XP level 9. HP: 37/79 MP: 8/8
  6603 | D:7      | Found a staircase to the Ecumenical Temple.
  6886 | D:7      | Found Munlicojeck's Antique Weapon Shoppe.
  7056 | D:7      | Bought a glowing broad axe for 128 gold pieces
  7436 | D:8      | Noticed Erica
  7437 | D:8      | Noticed Erolcha
  7442 | D:8      | Reached **** piety under Okawaru
  7449 | D:8      | Killed Erolcha
  7449 | D:8      | Received a gift from Okawaru
  7449 | D:8      | Reached XP level 10. HP: 29/88 MP: 9/9
  7452 | D:8      | Killed Erica
  7452 | D:8      | Reached ***** piety under Okawaru
  8334 | D:8      | Reached skill level 10 in Shields
  8799 | D:9      | Received a gift from Okawaru
  9244 | D:9      | Reached XP level 11. HP: 97/97 MP: 10/10
  9514 | D:9      | Reached skill level 10 in Axes
  9515 | D:9      | Found a staircase to the Orcish Mines.
  9985 | D:10     | Entered Level 10 of the Dungeon
 10387 | D:10     | Killed an unseen horror
 11214 | D:11     | Noticed a cyan ugly thing
 11215 | D:11     | Found a staircase to the Lair.
 11229 | D:11     | Killed a cyan ugly thing
 11229 | D:11     | Reached ****** piety under Okawaru
 11286 | Lair:1   | Entered Level 1 of the Lair of Beasts
 11381 | Lair:1   | Noticed FishServ's ghost (novice HOAE)
 11426 | Lair:1   | Killed FishServ's ghost
 11426 | Lair:1   | Reached skill level 10 in Fighting
 12083 | Lair:1   | Received a gift from Okawaru
 12419 | Lair:1   | Learned a level 1 spell: Corona
 13244 | Lair:2   | Reached XP level 12. HP: 42/108 MP: 11/11
 13627 | Lair:2   | Noticed an eight-headed hydra
 13633 | Lair:2   | Killed an 11-headed hydra
 13847 | Lair:2   | Received a gift from Okawaru
 14087 | Lair:2   | Noticed Harold
 14097 | Lair:2   | Killed Harold
 14128 | Lair:2   | Reached skill level 10 in Dodging
 14509 | Lair:2   | Got a wavering crystal amulet
 14510 | Lair:2   | Identified the amulet of Nuisinui {Inacc +Inv MR+++ MP-9 Dex-2} (You found it on level 2 of the Lair of Beasts)
 14785 | Lair:3   | Noticed Urug
 14810 | Lair:3   | Killed Urug
 16288 | Lair:4   | Noticed Snorg
 16305 | Lair:4   | Slain by Snorg

Skill      XL: |  1  2  3  4  5  6  7  8  9 10 11 12 |
---------------+-------------------------------------+-----
Armour         | 4 5 6 7 8 9 |  9.4
Shields        | 4 5 6 8 9 10 11 12 | 12.8
Dodging        | 1 2 3 4 6 7 8 9 10 | 10.7
Fighting       | 4 6 7 8 9 10 11 | 11.5
Axes           | 3 4 6 7 9 11 12 | 12.6
Stealth        | 1 2 3 |  3.1

Action                   |  1- 3 |  4- 6 |  7- 9 | 10-12 || total
-------------------------+-------+-------+-------+-------++-------
Melee: War axe           |    81 |   118 |   266 |       ||   465
       Headbutt          |     8 |    21 |    47 |   133 ||   209
       Broad axe         |       |       |    25 |   602 ||   627
  Use: Scroll            |       |     5 |     9 |    17 ||    31
       Potion            |       |     4 |     6 |     5 ||    15
 Stab: Invisible         |       |       |       |     6 ||     6
  Eat: Bread ration      |       |     1 |     4 |     4 ||     9
       Meat ration       |       |     1 |       |     1 ||     2
       Beef jerky        |       |       |     2 |     3 ||     5
       Pizza             |       |       |       |     5 ||     5
       Fruit             |       |       |       |     1 ||     1
Armor: Scale mail        |    64 |     9 |       |       ||    73
       Ring mail         |       |    25 |    79 |   184 ||   288
Dodge: Dodged            |    34 |    55 |   124 |   281 ||   494
Block: Shield            |    70 |    85 |   190 |   423 ||   768
